 Dungeon Crawl Stone Soup version 0.27-a0-249-g74f53ef629 (webtiles) character file.

Game seed: 4038408659278091845

280 puppykicker the Chiller (level 5, 0/41 HPs)
             Began as a Demigod Ice Elementalist on Feb 3, 2021.
             Slain by a phantom (8 damage)
             ... on level 4 of the Dungeon.
             The game lasted 00:12:24 (3881 turns).

puppykicker the Chiller (Demigod Ice Elementalist)  Turns: 3881, Time: 00:12:25

Health: 0/41       AC:  5    Str: 13    XL:     5   Next: 76%
Magic:  2/11       EV: 12    Int: 19    God:
Gold:   132        SH:  0    Dex: 16    Spells: 5/9 levels left

rFire    . . .     SeeInvis .   a - +1 mace (vorpal)
rCold    . . .     Faith    .   (no shield)
rNeg     . . .     Spirit   .   l - +0 ring mail
rPois    .         Reflect  .   (no helmet)
rElec    .         Harm     .   (no cloak)
rCorr    .         Rampage  .   (no gloves)
Will     .....                  (no boots)
Stlth    ++........             d - amulet of magic regeneration
HPRegen  0.13/turn              p - ring of flight (curse)
MPRegen  0.37/turn              s - ring of stealth {Stlth+}

@: frozen ramparts
A: high mp 1
a: Evoke Flight


You were on level 4 of the Dungeon.
You visited 1 branch of the dungeon, and saw 4 of its levels.

You collected 132 gold pieces.

Inventory:

Hand Weapons
 a - a +1 vorpal mace (weapon)
 b - a +0 hunting sling
 w - a +0 spear
Missiles
 e - 72 sling bullets
 m - 66 arrows
 Q - 15 bolts
Armour
 l - a +0 ring mail (worn)
Jewellery
 d - an amulet of magic regeneration (around neck)
 p - a cursed ring of flight (left hand)
 s - a ring of stealth (right hand) {Stlth+}
 G - an uncursed amulet of guardian spirit {Spirit}
Wands
 k - a wand of mindburst (14)
Scrolls
 c - a scroll of magic mapping {unknown}
 f - a scroll of fog
 g - a scroll of random uselessness {unknown}
 h - a scroll of remove curse {unknown}
 j - a scroll of enchant weapon {unknown}
 o - a scroll of immolation {unknown}
 B - a scroll of blinking {!r}
Potions
 i - a potion of brilliance {unknown}
 n - a potion of heal wounds
 q - a potion of ambrosia {unknown}
 r - 2 potions of flight {unknown}


   Skills:
 + Level 1.9 Fighting
 + Level 2.0 Armour
 + Level 2.8 Dodging
 - Level 1.7 Stealth
 + Level 2.6 Spellcasting
 * Level 4.8 Ice Magic


You had 5 spell levels left.
You knew the following spells:

 Your Spells              Type           Power        Failure   Level
a - Freeze                Ice            84%          4%          1
b - Frozen Ramparts       Ice            42%          14%         3

Your spell library contained the following spells:

 Spells                   Type           Power        Failure   Level
 Ozocubu's Armour         Ice            21%          14%         3
 Hailstorm                Conj/Ice       11%          77%         4
 Summon Ice Beast         Ice/Summ       11%          77%         4


Dungeon Overview and Level Annotations

Branches:
Dungeon (4/15)
 Temple: D:4-7


Innate Abilities, Weirdness & Mutations

You have an increased reservoir of magic. (+10% MP)


Message History

* * * LOW HITPOINT WARNING * * *
You take 6 damage, and have 12/41 hp.
Casting: Freeze (safe; 4% risk of failure)
Aiming: Freeze (safe; 4% risk of failure)
Press: ? - help, Shift-Dir - straight line, f/p - phantom
Aim: a phantom (lightly damaged)
The phantom resists.
You freeze the phantom.
* * * LOW MAGIC WARNING * * *
The phantom resists.
The wall freezes the phantom.
The phantom closely misses you.
You now have 1/11 mp.
Unknown command.
You hit the phantom but do no damage.
The phantom resists.
The wall freezes the phantom.
The phantom hits you.
* * * LOW HITPOINT WARNING * * *
You take 5 damage, and have 8/41 hp.
Unknown command.
You hit the phantom.
The phantom resists.
The wall freezes the phantom.
The phantom hits you!
You die...

#. .. .. .## ..# ..#
###W# #.@.# # ####...#
#. ##.#...##
.###.#.......#
........####..#
#B.##..#..# ...#
###..##.##.####.....
###.#..#..#............
#......#.....###........


You could see a phantom.

Levels and vault maps discovered:
D:1:      lightli_arrival_boilingwater, layout_loops_ring
D:2:      layout_rooms, kennysheep_slug_shrine
D:3:      layout_loops_ring, minivault_4
D:4:      layout_cave_pools

Notes
Turn   | Place    | Note
-------+----------+-------------------------------------------
     0 | D:1      | puppykicker the Demigod Ice Elementalist began the quest
                  | for the Orb.
     0 | D:1      | Reached XP level 1. HP: 14/14 MP: 5/5
    62 | D:1      | Identified a +0 mace (You found it on level 1 of the
                  | Dungeon)
    82 | D:1      | Identified a +1 vorpal mace (You found it on level 1 of the
                  | Dungeon)
   299 | D:1      | Reached XP level 2. HP: 22/22 MP: 7/7
   345 | D:1      | Identified a +0 leather armour (You found it on level 1 of
                  | the Dungeon)
   376 | D:1      | Identified a cursed +0 short sword
   389 | D:1      | Reached skill level 2 in Dodging
   389 | D:1      | Reached skill level 2 in Spellcasting
   391 | D:1      | HP: 5/22 [leopard gecko (3)]
   393 | D:1      | HP: 2/22 [leopard gecko (3)]
   661 | D:1      | Identified a +0 club
   661 | D:1      | Identified a +0 hunting sling
   671 | D:1      | Identified a +0 club
   671 | D:1      | Identified a +0 hunting sling
   671 | D:1      | Identified a +0 robe
   671 | D:1      | Identified an uncursed amulet of guardian spirit
   717 | D:1      | Identified a +0 club
   723 | D:1      | Reached skill level 4 in Ice Magic
   733 | D:1      | Identified a +0 club
   776 | D:1      | Identified a +0 club
   816 | D:1      | Identified a +0 whip
   960 | D:1      | Reached XP level 3. HP: 27/27 MP: 6/8
  1108 | D:2      | Identified a +0 club
  1108 | D:2      | Identified a +0 club
  1236 | D:1      | Reached skill level 1 in Fighting
  1410 | D:2      | Learned a level 3 spell: Frozen Ramparts
  1420 | D:2      | Identified a +0 club
  1423 | D:2      | Reached skill level 1 in Armour
  1597 | D:2      | Identified a +0 club
  1663 | D:1      | HP: 6/28 [leopard gecko (3)]
  1666 | D:1      | Identified a potion of lignification
  1669 | D:1      | Reached XP level 4. HP: 10/35 MP: 2/10
  1669 | D:1      | HP: 9/52 [poisoned by an adder]
  1942 | D:2      | Identified a +0 spear (You found it on level 2 of the
                  | Dungeon)
  1978 | D:2      | Identified a +0 ring mail (You found it on level 2 of the
                  | Dungeon)
  2096 | D:2      | Found a snail-covered altar of Cheibriados.
  2151 | D:2      | Identified a +0 dagger
  2448 | D:2      | Identified a +0 club
  2448 | D:2      | Identified an uncursed amulet of magic regeneration
  2827 | D:3      | Identified a +0 short sword
  2827 | D:3      | Identified a +0 ring mail
  2938 | D:3      | HP: 2/35 [iguana (7)]
  3237 | D:3      | Identified a ring of flight (You found it on level 3 of the
                  | Dungeon)
  3238 | D:3      | Identified 2 scrolls of blinking
  3239 | D:3      | Identified 2 scrolls of identify
  3239 | D:3      | Identified a potion of heal wounds
  3240 | D:3      | Identified a scroll of fog
  3290 | D:3      | Reached XP level 5. HP: 40/40 MP: 8/11
  3801 | D:4      | Identified a +0 dagger
  3801 | D:4      | Identified a +0 robe
  3802 | D:4      | Identified a +0 dagger
  3802 | D:4      | Identified a cursed +0 robe
  3802 | D:4      | Identified a +0 ring mail
  3813 | D:4      | Identified a +0 club
  3851 | D:4      | Identified a ring of stealth (You found it on level 4 of
                  | the Dungeon)
  3865 | D:4      | Identified a +0 hand axe
  3865 | D:4      | Identified a +0 chain mail
  3878 | D:4      | Reached skill level 2 in Armour
  3880 | D:4      | HP: 8/41 [phantom (5)]
  3881 | D:4      | Slain by a phantom

Table legend: (Time is in decaauts)
 A = Elapsed time spent in this place.
 B = Non-inter-level travel time spent in this place.
 C = Inter-level travel time spent in this place.
 D = Time resting spent in this place.
 E = Time spent auto-exploring this place.
 F = Levels seen in this place.
 G = Mean time per level.
                   A        B        C        D        E       F      G
               +--------+--------+--------+--------+--------+-----+--------+
         Total |   3926 |   3764 |    162 |   1503 |   1553 |   4 |  981.5 |
       Dungeon |   3926 |   3764 |    162 |   1503 |   1553 |   4 |  981.5 |
               +--------+--------+--------+--------+--------+-----+--------+

Top non-repeatable levels by time:
     D:1: 1877 daAuts
     D:3: 1081 daAuts
     D:2: 870 daAuts
     D:4: 97 daAuts

Table legend:
 A = Kills in this place as a percentage of kills in entire the game.
 B = Kills by you in this place as a percentage of kills by you in the entire game.
 C = Kills by friends in this place as a percentage of kills by friends in the entire game.
 D = Other kills in this place as a percentage of other kills in the entire game.
 E = Experience gained in this place as a percentage of experience gained in the entire game.
 F = Experience gained in this place divided by the number of levels of this place that you have seen.
                   A       B       C       D       E      F
               +-------+-------+-------+-------+-------+----------------------
         Total | 100.0 | 100.0 |   N/A |   N/A | 100.0 | 100.0
       Dungeon | 100.0 | 100.0 |   N/A |   N/A | 100.0 | 100.0
               +-------+-------+-------+-------+-------+----------------------

Skill      XL: |  1  2  3  4  5 |
---------------+----------------+-----
Dodging        | 2 |  2.8
Spellcasting   | 2 |  2.6
Ice Magic      | 4 |  4.8
Fighting       | 1 |  1.9
Armour         | 1 2 |  2.0
Stealth        | |  1.7

Action                   |  1- 3 |  4- 6 || total
-------------------------+-------+-------++-------
Melee: Mace              |    49 |    47 ||    96
 Fire: Hunting sling     |     1 |     5 ||     6
 Cast: Freeze            |    47 |    44 ||    91
       Frozen Ramparts   |     1 |     5 ||     6
  Use: Potion            |     1 |       ||     1
       Scroll            |       |     3 ||     3
 Stab: Sleeping          |     1 |       ||     1
Armor: Robe              |     5 |       ||     5
       Leather armour    |    32 |     4 ||    36
       Skin              |     1 |       ||     1
       Ring mail         |       |    15 ||    15
Dodge: Dodged            |    87 |    36 ||   123

Vanquished Creatures
  2 iguanas
  2 orc wizards (D:4)
  5 adders
  An ooze (D:1)
  9 worms
  2 dart slugs
  7 leopard geckos
  3 orcs (D:4)
  A ball python (D:1)
  4 giant cockroaches
  9 goblins
  9 hobgoblins
  7 jackals
  8 kobolds
  9 bats
  10 frilled lizards
  4 rats
92 creatures vanquished.
